 Dungeon Crawl Stone Soup version 0.30-a0-269-gf0224bf7b6 (webtiles) character file.

Game seed: 16833123444026108885

1360 ryw the Fighter (level 8, -2/71 HPs)
             Began as a Demonspawn Monk on Oct 14, 2022.
             Was an Elder of Jiyva.
             Slain by Duvessa
             ... wielding a +4 vampiric short sword
              (13 damage)
             ... on level 5 of the Dungeon.
             The game lasted 00:11:29 (4245 turns).

ryw the Fighter (Demonspawn Monk)                   Turns: 4245, Time: 00:11:29

Health: -2/71      AC:  9    Str: 16    XL:     8   Next: 37%
Magic:  11/11      EV: 14    Int: 11    God:    Jiyva [****..]
Gold:   153        SH:  0    Dex: 16    Spells: 7/7 levels left

rFire   . . .      SeeInvis +    s - +3 halberd
rCold   . . .      Faith    .    (shield currently unavailable)
rNeg    . . .      Spirit   .    a - +0 robe
rPois   .          Reflect  .    (helmet restricted)
rElec   .          Harm     .    v - +2 cloak
rCorr   +          Rampage  .    (no gloves)
Will    .....                    r - +1 pair of boots {Fly}
Stlth   ++........               (no amulet)
HPRegen 1.59/turn                (no ring)
MPRegen 0.52/turn                (no ring)

@: lethally poisoned (-2 -> -2), calling ooze, flying
A: horns 1, yellow scales 2, powered by pain 1, spiny 1, see invisible, strong
1, pseudopods 3
a: Renounce Religion, Oozemancy, Slimify


You were on level 5 of the Dungeon.
You worshipped Jiyva.
Jiyva was greatly pleased with you.
You visited 1 branch of the dungeon, and saw 5 of its levels.

You collected 153 gold pieces.

Inventory:

Hand Weapons
 j - a +0 dagger of speed
 s - a +3 halberd (weapon)
 t - a +3 dagger of draining
 u - a +4 quarterstaff of chaos
 y - a +3 shortbow
Missiles
 g - 24 stones (quivered)
Armour
 a - a +0 robe (worn)
 p - a +0 pair of boots
 r - a +1 pair of boots of flying (worn)
 v - a +2 cloak (worn)
Wands
 n - a wand of roots (8)
 q - a wand of polymorph (7)
 C - a wand of light (7)
Scrolls
 b - 2 scrolls of fog {unknown}
 c - 2 scrolls of amnesia {unknown}
 d - 3 scrolls of teleportation {unknown}
 f - 5 scrolls of identify {unknown}
 k - 2 scrolls of enchant armour {unknown}
 m - a scroll of magic mapping {unknown}
 o - a scroll of enchant weapon {unknown}
 x - 2 scrolls of blinking {unknown}
 A - a scroll of acquirement {unknown}
 B - a scroll of noise {unknown}
Potions
 e - 2 potions of curing {unknown}
 h - a potion of mutation
 i - a potion of brilliance {unknown}
 l - a potion of cancellation
 w - a potion of haste {unknown}
 z - a potion of flight {unknown}


   Skills:
 + Level 9.3 Fighting
 - Level 0.1 Short Blades
 + Level 4.2 Dodging
 - Level 1.7 Stealth
 - Level 2.6 Unarmed Combat
 - Level 5.0 Invocations


You had 7 spell levels left.
You didn't know any spells.
Your spell library contained the following spells:

 Spells                   Type           Power      Damage    Failure   Level
 Slow                     Hex            0%         N/A       34%         1
 Blink                    Tloc           0%         N/A       47%         2
 Momentum Strike          Conj/Tloc      0%         3d8       47%         2
 Confusing Touch          Hex            0%         N/A       71%         3
 Lesser Beckoning         Tloc           0%         N/A       71%         3
 Vampiric Draining        Necr           0%         2d6       71%         3


Dungeon Overview and Level Annotations

Branches:
Dungeon (5/15)             Temple (0/1) D:5

Altars:
Trog
Xom
Jiyva

Annotations:
D:5 Duvessa


Innate Abilities, Weirdness & Mutations

You have a pair of small horns on your head.
You are mostly covered in yellow scales. (AC +3)
You sometimes gain a little power by taking damage.
You are partially covered in sharp spines.
You have supernaturally acute eyesight. (SInv)
Your muscles are strong. (Str +4, Int/Dex -1)
Armour fits poorly on your massive pseudopods.


Message History

Dowan is heavily wounded.
The walls burn Dowan!
Dowan says, "Stay away from my face!"
Dowan hits you with a +2 dagger of venom.
You are poisoned.
The walls burn Duvessa!
Duvessa hits you but does no damage.
You closely miss Dowan. You headbutt Dowan. You bludgeon Dowan.
You kill Dowan!
Duvessa screams in rage.
Duvessa goes berserk!
You feel very sick.
The walls burn Duvessa!
Duvessa is struck by your spines.
Duvessa hits you with a +4 vampiric short sword!!
Duvessa draws strength from your wounds!
The walls burn Duvessa!
Duvessa misses you.
Training target 5.0 for Invocations reached!
Your Invocations skill increases to level 5!
You closely miss Duvessa. You headbutt Duvessa.
Duvessa is moderately wounded.
You feel very sick.
The walls burn Duvessa!
Duvessa barely misses you.
The walls burn Duvessa!
Duvessa hits you with a +4 vampiric short sword.
Duvessa draws strength from your wounds!
The walls burn Duvessa!
Duvessa is struck by your spines.
Duvessa hits you with a +4 vampiric short sword!
* * * LOW HITPOINT WARNING * * *
Duvessa draws strength from your wounds!
You hit Duvessa but do no damage. You headbutt Duvessa. You bludgeon Duvessa!
Duvessa is severely wounded.
You feel sick.
The walls burn Duvessa!
Duvessa barely misses you.
The walls burn Duvessa!
Duvessa hits you with a +4 vampiric short sword!
* * * LOW HITPOINT WARNING * * *
Duvessa draws strength from your wounds!
You barely miss Duvessa. You headbutt Duvessa, but do no damage.
You bludgeon Duvessa.
Duvessa is severely wounded.
You feel sick.
The walls burn Duvessa!
Duvessa hits you with a +4 vampiric short sword!
You die...

............# #
############# # #
# # .# ####.#
#....# #e# #@# #)#
#.# #.#
#.################
#.................
##################


You could see Duvessa (berserk).

Vanquished Creatures
  Pikel (D:5)
  Menkaure (D:5)
  A centaur (D:5)
  2 lemures (D:5)
  A necrophage (D:3)
  Dowan (D:5)
  3 killer bees (D:5)
  A gnoll bouda (D:5)
  3 orc priests (D:4)
  Crazy Yiuf (D:4)
  Terence (D:3)
  An iguana (D:4)
  4 orc wizards
  7 gnolls
  6 adders
  3 worms
  6 orcs
  4 ball pythons
  A giant cockroach (D:4)
  9 goblins
  6 hobgoblins
  2 jackals (D:1)
  3 quokkas
  4 bats
  2 frilled lizards (D:2)
  4 kobolds
  4 rats (D:2)
82 creatures vanquished.

Vanquished Creatures (others)
  A wizard (D:5)
  Grinder (D:3)
  A scorpion (D:4)
  3 jellies
  Jessica (D:3)
  A gnoll (D:5)
  An adder (D:3)
  A white imp (D:5)
  A dart slug (D:3)
  3 endoplasms
  5 orcs
  3 bats
  A hobgoblin (D:3)
  3 kobolds
  A frilled lizard (D:1)
  A rat (D:3)
28 creatures vanquished.

Grand Total: 110 creatures vanquished

Notes
Turn   | Place    | Note
-------+----------+-------------------------------------------
     0 | D:1      | ryw the Demonspawn Monk began the quest for the Orb.
     0 | D:1      | Reached XP level 1. HP: 18/18 MP: 1/1
   273 | D:1      | Gained mutation: You are partially covered in yellow
                  | scales. (AC +2) [demonic ancestry]
   273 | D:1      | Reached XP level 2. HP: 11/24 MP: 2/2
   558 | D:1      | Found a faded altar of an unknown god.
   621 | D:1      | Prayed at the altar of an unknown god.
   621 | D:1      | Became a worshipper of Jiyva Joahow the Shapeless
   621 | D:1      | Reached * piety under Jiyva
   621 | D:1      | Reached ** piety under Jiyva
   758 | D:1      | Reached *** piety under Jiyva
  1269 | D:2      | Reached skill level 4 in Fighting
  1327 | D:2      | Gained mutation: You are mostly covered in yellow scales.
                  | (AC +3) [demonic ancestry]
  1327 | D:2      | Reached XP level 3. HP: 30/30 MP: 3/3
  1517 | D:3      | Gained mutation: You have a pair of small antennae on your
                  | head. [Jiyva's grace]
  1517 | D:3      | Gained mutation: You have a pair of antennae on your head.
                  | [Jiyva's grace]
  1517 | D:3      | Gained mutation: You have a pair of large antennae on your
                  | head. (SInv) [Jiyva's grace]
  1517 | D:3      | Gained mutation: Your flesh is cold resistant. (rC+)
                  | [Jiyva's grace]
  1587 | D:3      | Noticed Terence
  1684 | D:2      | Lost mutation: You have a pair of large antennae on your
                  | head. (SInv) [demonic ancestry]
  1684 | D:2      | Lost mutation: You have a pair of antennae on your head.
                  | [demonic ancestry]
  1684 | D:2      | Lost mutation: You have a pair of small antennae on your
                  | head. [demonic ancestry]
  1684 | D:2      | Gained mutation: You have a pair of small horns on your
                  | head. [demonic ancestry]
  1684 | D:2      | Reached XP level 4. HP: 38/38 MP: 4/4
  2010 | D:1      | Reached skill level 5 in Fighting
  2283 | D:3      | Lost mutation: Your flesh is cold resistant. (rC+) [potion
                  | of mutation]
  2283 | D:3      | Gained mutation: You are frail. (-10% HP) [potion of
                  | mutation]
  2283 | D:3      | Gained mutation: Your muscles are strong. (Str +4, Int/Dex
                  | -1) [potion of mutation]
  2286 | D:3      | Killed Terence
  2413 | D:3      | Killed Grinder
  2429 | D:3      | Noticed Jessica
  2431 | D:3      | Killed Jessica
  2775 | D:4      | Reached XP level 5. HP: 38/38 MP: 5/5
  2836 | D:4      | Reached skill level 6 in Fighting
  2968 | D:4      | Found a shimmering altar of Xom.
  2968 | D:4      | Reached **** piety under Jiyva
  3069 | D:3      | Reached skill level 7 in Fighting
  3069 | D:3      | Gained mutation: You are partially covered in sharp spines.
                  | [demonic ancestry]
  3069 | D:3      | Reached XP level 6. HP: 39/47 MP: 6/6
  3444 | D:4      | Found a runed translucent door.
  3445 | D:4      | Noticed Crazy Yiuf
  3517 | D:4      | Killed Crazy Yiuf
  3657 | D:5      | Entered Level 5 of the Dungeon
  3669 | D:5      | Found a staircase to the Ecumenical Temple.
  3675 | D:5      | Lost mutation: You are frail. (-10% HP) [Jiyva's grace]
  3675 | D:5      | Gained mutation: Armour fits poorly on your pseudopods.
                  | [Jiyva's grace]
  3675 | D:5      | Gained mutation: Armour fits poorly on your large
                  | pseudopods. [Jiyva's grace]
  3675 | D:5      | Gained mutation: Armour fits poorly on your massive
                  | pseudopods. [Jiyva's grace]
  3675 | D:5      | Gained mutation: You have supernaturally acute eyesight.
                  | (SInv) [Jiyva's grace]
  3680 | D:5      | Found a bloodstained altar of Trog.
  3681 | D:5      | Noticed a wizard
  3685 | D:5      | Reached skill level 8 in Fighting
  3685 | D:5      | Killed a wizard
  3690 | D:5      | Gained mutation: You sometimes gain a little power by
                  | taking damage. [demonic ancestry]
  3690 | D:5      | Reached XP level 7. HP: 38/62 MP: 7/7
  3769 | D:5      | Noticed Menkaure
  3777 | D:5      | Killed Menkaure
  4070 | D:5      | Noticed Pikel
  4077 | D:5      | Killed Pikel
  4078 | D:5      | Reached skill level 9 in Fighting
  4078 | D:5      | Reached XP level 8. HP: 56/71 MP: 9/11
  4230 | D:5      | Noticed Dowan
  4235 | D:5      | Noticed Duvessa
  4242 | D:5      | Killed Dowan
  4243 | D:5      | Reached skill level 5 in Invocations
  4245 | D:5      | Slain by Duvessa

Illustrated notes

Levels and vault maps discovered:
D:1:      saegor_arrival_simple_e, layout_basic, shapermc_ecumenical_altar_venn
D:2:      layout_basic, grunt_ministairs_7, minmay_pentomino_u4
D:3:      layout_loops_ring, moated_statue, uniq_terence, uniq_grinder,
          uniq_jessica
D:4:      layout_basic, lemuel_tele_altar, elyvilon_altar_5, solitary_fountain,
          st_stairs_14, uniq_crazy_yiuf_cottage
D:5:      layout_basic, trog_wizard, minmay_temple_entry_wispy, uniq_duvessa,
          uniq_menkaure, uniq_pikel

Skill      XL: |  1  2  3  4  5  6  7  8 |
---------------+-------------------------+-----
Fighting       | 4 5 7 8 9 |  9.3
Invocations    | 4 5 |  5.0
Dodging        | 4 |  4.2
Short Blades   | |  0.1
Stealth        | |  1.7
Unarmed Combat | |  2.6

Action                   |  1- 3 |  4- 6 |  7- 9 || total
-------------------------+-------+-------+-------++-------
Melee: Dagger            |   171 |    25 |       ||   196
       Unarmed           |    15 |       |       ||    15
       Punch             |    11 |     1 |       ||    12
       Halberd           |       |    89 |    44 ||   133
       Headbutt          |       |     9 |     6 ||    15
       Pseudopods        |       |       |     9 ||     9
Throw: Stone             |     1 |     2 |       ||     3
Invok: Oozemancy         |       |     3 |     2 ||     5
  Use: Potion            |     2 |     4 |       ||     6
 Stab: Sleeping          |     5 |     2 |     1 ||     8
       Invisible         |       |     1 |       ||     1
Armor: Robe              |    42 |    37 |    12 ||    91
Dodge: Dodged            |    86 |    73 |    38 ||   197

Table legend: (Time is in decaauts)
 A = Elapsed time spent in this place.
 B = Non-inter-level travel time spent in this place.
 C = Inter-level travel time spent in this place.
 D = Time resting spent in this place.
 E = Time spent auto-exploring this place.
 F = Levels seen in this place.
 G = Mean time per level.
                   A        B        C        D        E       F      G
               +--------+--------+--------+--------+--------+-----+--------+
         Total |   4229 |   3971 |    258 |    239 |   2816 |   5 |  845.8 |
       Dungeon |   4229 |   3971 |    258 |    239 |   2816 |   5 |  845.8 |
               +--------+--------+--------+--------+--------+-----+--------+

Top non-repeatable levels by time:
     D:1: 1236 daAuts
     D:4: 834 daAuts
     D:3: 820 daAuts
     D:2: 725 daAuts
     D:5: 612 daAuts
